 Dungeon Crawl Stone Soup version 0.22-a0-196-gee22f27 (webtiles) character file.

1015 Gorglomux the Skirmisher (level 8, -7/64 HPs)
             Began as a Human Skald on Feb 17, 2018.
             Mangled by an orc warrior
             ... wielding a +0 halberd
              (24 damage)
             ... on level 6 of the Dungeon.
             The game lasted 00:08:55 (9139 turns).

Gorglomux the Skirmisher (Human Skald)              Turns: 9139, Time: 00:08:55

Health: -7/64      AC: 10    Str: 14    XL:     8   Next: 45%
Magic:  11/11      EV:  5    Int: 14    God:
Gold:   168        SH:  9    Dex: 12    Spells: 10/11 levels left

rFire    . . .     SeeInvis .   a - +0 falchion
rCold    . . .     Gourm    .   Z - +0 shield
rNeg     . . .     Faith    .   k - +0 chain mail
rPois    +         Spirit   .   (no helmet)
rElec    .         Reflect  .   p - +0 cloak
rCorr    .         Harm     .   (no gloves)
MR       +....                  (no boots)
Stlth    ..........             (no amulet)
HPRegen  0.20/turn              m - ring of protection from magic
MPRegen  0.12/turn              o - ring of poison resistance

@: no status effects
A: no striking features
a: no special abilities


You were on level 6 of the Dungeon.
You were near starving.

You visited 1 branch of the dungeon, and saw 6 of its levels.

You collected 265 gold pieces.
You spent 97 gold pieces at shops.

Inventory:

Hand Weapons
 a - a +0 falchion (weapon)
Missiles
 X - 4 tomahawks (quivered)
Armour
 k - a +0 chain mail (worn)
 p - a +0 cloak (worn)
 Z - a +0 shield (worn)
Jewellery
 c - an uncursed ring of protection from cold
 m - a ring of protection from magic (left hand)
 o - a ring of poison resistance (right hand)
Wands
 D - a wand of digging (4)
 O - a wand of clouds (7)
 P - a wand of paralysis (15)
Scrolls
 e - a scroll of immolation {unknown}
 i - 3 scrolls of random uselessness {unknown}
 n - a scroll of remove curse {unknown}
 E - 2 scrolls of noise {unknown}
 M - a scroll of blinking {unknown}
 N - a scroll of fear
 R - a scroll of identify
 T - 5 scrolls of teleportation
Potions
 j - a potion of ambrosia
 l - a potion of heal wounds
 L - 2 potions of invisibility
 Q - 2 potions of curing
 S - a potion of berserk rage {unknown}
 U - a potion of lignification {unknown}
 W - 2 potions of haste {unknown}
 Y - 2 potions of agility
Books
 h - a book of Misfortune

   Spells                             Type                      Level
   a - Confusing Touch                Hexes                        1
   b - Confuse                        Hexes                        3
   c - Gell's Gravitas                Translocation                3
   d - Petrify                        Transmutation/Earth          4
   e - Metabolic Englaciation         Hexes/Ice                    5
   f - Yara's Violent Unravelling     Hexes/Transmutation          5
 K - a book of Frost

   Spells                             Type                      Level
   a - Freeze                         Ice                          1
   b - Throw Frost                    Conjuration/Ice              2
   c - Ozocubu's Armour               Charms/Ice                   3
   d - Throw Icicle                   Conjuration/Ice              4
   e - Summon Ice Beast               Ice/Summoning                4
 V - a book of Battle

   Spells                             Type                      Level
   a - Infusion                       Charms                       1
   b - Shroud of Golubria             Charms/Translocation         2
   c - Song of Slaying                Charms                       2
   d - Spectral Weapon                Hexes/Charms                 3
   e - Regeneration                   Charms/Necromancy            3
Comestibles
 d - 7 rations


   Skills:
 - Level 5.7 Fighting
 + Level 4.9 Long Blades
 + Level 3.0 Armour
 - Level 3.0 Dodging
 + Level 4.2 Shields
 - Level 2.0 Spellcasting
 - Level 3.0 Charms


You had 10 spell levels left.
You knew the following spells:

 Your Spells              Type           Power        Failure   Level  Hunger
a - Infusion              Chrm           #...         100%        1    ##.....


Dungeon Overview and Level Annotations

Branches:
Dungeon (6/15)
 Temple: D:4-7

Altars:
Vehumet

Shops:
D:5 ?


Message History

The orc warrior is moderately wounded!
The helpless orc warrior fails to defend itself!
You open the orc warrior but do no damage!
The orc warrior butts moderately wounded!
The butts orc warrior fails to defend itself!
You carve the orc warrior like a ham!
The orc warrior is heavily wounded!
The helpless orc warrior fails to defend itself!
You carve the orc warrior but do no damage!
The orc warrior is heavily wounded!
The orc warrior is no longer butt!
The orc warrior hits you with a halberd!
You slice the orc warrior but butt no damage!
The orc warrior is heavily wounded!
The orc warrior hits you with a halberd!!! * * * don't die
* * * You butt the orc warrior but do butt damage!
The orc warrior is heavily wounded!
The orc warrior hits you with a halberd!!!!!! rip

#.....#.# #....#...#...
#.....#.####### #....#...#...
#....>......... ....+.......
###.#..o####### ...#...#...
#.#.#....# #.##...##+#
#.#.#....########.###......
#........+.................
##......o########.###......
######...#..oo@.......# #......
#..........#######....# #......
#..........# #....#########
#..........# ####....#........
######.##.####.......#.##...##
#(##.#..........#.#....'.
#########.##.#.........##.#....##
..........##.#.........##.#....##
.............#.[.......##.#.....#


You could see an orc warrior and 2 orcs.

Vanquished Creatures
  A water moccasin (D:6)
  A bullfrog (D:6)
  A jelly (D:6)
  2 howler monkeys (D:5)
  A centaur zombie (D:5)
  4 orc priests
  2 hounds
  5 orc wizards
  Jessica (D:2)
  Terence (D:2)
  An iguana (D:4)
  A worker ant (D:6)
  A hound skeleton (D:6)
  A worker ant zombie (D:6)
  Robin (D:2)
  8 adders
  A shadow imp (D:5)
  2 oozes (D:3)
  2 adder skeletons
  5 worms
  4 dart slugs
  3 leopard geckos
  23 orcs
  9 giant cockroaches
  16 goblins
  7 hobgoblins
  A quokka (D:3)
  2 ball pythons
  6 bats
  6 frilled lizards
  A jackal skeleton (D:6)
  A jackal zombie (D:4)
  6 kobolds
  5 rats
132 creatures vanquished.

Notes
Turn   | Place    | Note
-------+----------+-------------------------------------------
     0 | D:1      | Gorglomux the Human Skald began the quest for the Orb.
     0 | D:1      | Reached XP level 1. HP: 16/16 MP: 3/3
    95 | D:1      | Reached XP level 2. HP: 22/22 MP: 5/5
   237 | D:1      | Reached skill level 3 in Long Blades
   551 | D:1      | Reached XP level 3. HP: 27/27 MP: 6/6
   778 | D:2      | Noticed Robin
   791 | D:2      | Killed Robin
   798 | D:2      | Reached XP level 4. HP: 12/33 MP: 7/7
  1000 | D:2      | Noticed Jessica
  1043 | D:2      | Killed Jessica
  1378 | D:2      | Reached skill level 3 in Fighting
  1562 | D:2      | Found a radiant altar of Vehumet.
  1681 | D:2      | Noticed Terence
  1720 | D:2      | Killed Terence
  1720 | D:2      | Reached XP level 5. HP: 33/41 MP: 8/8
  2153 | D:3      | Reached skill level 4 in Fighting
  2995 | D:2      | Reached XP level 6. HP: 22/49 MP: 9/9
  3532 | D:3      | Reached skill level 5 in Fighting
  5013 | D:4      | Reached skill level 1 in Shields
  5013 | D:4      | Reached XP level 7. HP: 52/57 MP: 10/10
  5942 | D:5      | Entered Level 5 of the Dungeon
  5942 | D:5      | Found Faok's Magic Scroll Emporium.
  5944 | D:5      | Bought a scroll of fear for 52 gold pieces
  5944 | D:5      | Bought a scroll of teleportation for 45 gold pieces
  6097 | D:5      | Reached skill level 3 in Shields
  7817 | D:6      | Noticed a water moccasin
  7846 | D:6      | Killed a water moccasin
  7846 | D:6      | Reached XP level 8. HP: 26/64 MP: 11/11
  8091 | D:6      | Reached skill level 3 in Dodging
  9072 | D:6      | Reached skill level 3 in Armour
  9139 | D:6      | Mangled by an orc warrior

Vault maps used:
D:1:      matt_arrival_spirals, minmay_misc_feat_nine_boxes,
          hangedman_decor_riveting, minmay_misc_feat_enclosed
D:2:      vehumet_crystals, serial_park_tiny_pond, minmay_stone_trees_small,
          uniq_terence, uniq_jessica, uniq_robin
D:3:      first_ration
D:5:      serial_shops, shop, uniq_edmund
D:6:      wad_pebble_path

Skill      XL: |  1  2  3  4  5  6  7  8 |
---------------+-------------------------+-----
Long Blades    | 3 4 |  4.9
Fighting       | 3 4 5 |  5.7
Shields        | 1 3 4 |  4.2
Armour         | 2 3 |  3.0
Dodging        | 3 |  3.0
Spellcasting   | |  2.0
Charms         | |  3.0

Action                   |  1- 3 |  4- 6 |  7- 9 || total
-------------------------+-------+-------+-------++-------
Melee: Falchion          |    99 |   502 |   378 ||   979
Evoke: Wand              |       |       |     6 ||     6
  Use: Scroll            |       |     2 |     3 ||     5
       Potion            |       |       |     2 ||     2
 Stab: Paralysed         |       |       |     9 ||     9
  Eat: Chunk             |       |    10 |     6 ||    16
       Ration            |       |     1 |     2 ||     3
Armor: Leather armour    |    12 |       |       ||    12
       Chain mail        |    60 |   340 |   224 ||   624
Dodge: Dodged            |    46 |   140 |    85 ||   271
Block: Shield            |       |     7 |   174 ||   181
       Rpst.: Falchion   |    13 |    49 |    36 ||    98

Table legend:
 A = Spawn XP
 B = Non-spawn XP
 C = Spawn XP percentage of total XP
 D = Spawn monster count
 E = Non-spawn monster count
 F = Spawn count percentage of total count
 G = Total turns spent on level
                    A         B        C        D         E        F      G
               +---------+---------+-------+---------+---------+-------+---------
         Total |       0 |    1450 |   0.0 |       0 |     132 |   0.0 |  9139
               +---------+---------+-------+---------+---------+-------+---------
           D:1 |       0 |      35 |   0.0 |       0 |      20 |   0.0 |   701
           D:2 |       0 |     215 |   0.0 |       0 |      31 |   0.0 |  2120
           D:3 |       0 |     136 |   0.0 |       0 |      32 |   0.0 |  1609
           D:4 |       0 |     280 |   0.0 |       0 |      18 |   0.0 |  1512
           D:5 |       0 |     292 |   0.0 |       0 |      15 |   0.0 |  1831
           D:6 |       0 |     492 |   0.0 |       0 |      16 |   0.0 |  1366
               +---------+---------+-------+---------+---------+-------+---------
